 Dungeon Crawl Stone Soup version 0.21.1-1-g345015f (webtiles) character file.

1339 wilfster70 the Sneak (level 8, -11/58 HPs)
             Began as a Gnoll Enchanter on Mar 1, 2018.
             Mangled by a two-headed ogre
             ... wielding a +0 giant club
              (12 damage)
             ... on level 6 of the Dungeon.
             The game lasted 00:18:15 (5677 turns).

wilfster70 the Sneak (Gnoll Enchanter)              Turns: 5677, Time: 00:18:15

Health: -11/58     AC:  4    Str: 10    XL:     8   Next: 61%
Magic:  8/17       EV: 15    Int: 24    God:
Gold:   350        SH:  0    Dex: 17    Spells: 14/19 levels left

rFire    . . .     SeeInvis .   a - +1 dagger (venom)
rCold    . . .     Gourm    .   (no shield)
rNeg     . . .     Faith    .   B - +0 leather armour (curse)
rPois    .         Spirit   .   (no helmet)
rElec    .         Reflect  .   (no cloak)
rCorr    .         Harm     .   (no gloves)
MR       .....                  h - +0 pair of boots
Stlth    +++.......             (no amulet)
HPRegen  0.19/turn              o - ring of wizardry
MPRegen  0.15/turn              y - +5 ring of intelligence

@: no status effects
A: distributed training, fangs 1, strong nose
a: no special abilities


You were on level 6 of the Dungeon.
You were not hungry.

You visited 1 branch of the dungeon, and saw 6 of its levels.

You collected 350 gold pieces.

Inventory:

Hand Weapons
 a - a +1 dagger of venom (weapon)
Missiles
 e - 7 silver javelins (quivered)
 p - 173 stones
Armour
 b - a +0 robe
 h - a +0 pair of boots (worn)
 i - a cursed +1 leather armour
 B - a cursed +0 leather armour (worn)
Jewellery
 o - a ring of wizardry (left hand)
 t - a +6 ring of strength
 x - an uncursed ring of positive energy
 y - a +5 ring of intelligence (right hand)
Wands
 m - a wand of paralysis (10)
 q - a wand of iceblast (11)
Scrolls
 j - 3 scrolls of teleportation
 l - 3 scrolls of amnesia
Potions
 f - a potion of might {unknown}
 g - a potion of flight {unknown}
 k - 2 potions of berserk rage {unknown}
 n - 3 potions of curing {unknown}
 r - a potion of cancellation {unknown}
 s - a potion of mutation {unknown}
 u - a potion of lignification {unknown}
 v - a potion of heal wounds {unknown}
 w - 3 potions of degeneration {unknown}
 z - 2 potions of haste
Books
 c - a book of Maledictions

   Spells                             Type                      Level
   a - Corona                         Hexes                        1
   b - Ensorcelled Hibernation        Hexes/Ice                    2
   c - Confuse                        Hexes                        3
   d - Tukima's Dance                 Hexes                        3
   e - Dazzling Spray                 Conjuration/Hexes            3
Comestibles
 d - 17 rations
 A - a chunk of flesh


   Skills:
 + Level 3.3 Fighting
 + Level 4.3 Short Blades
 + Level 3.3 Long Blades
 + Level 3.3 Axes
 + Level 3.3 Maces & Flails
 + Level 3.3 Polearms
 + Level 3.3 Staves
 + Level 3.3 Slings
 + Level 3.3 Bows
 + Level 3.3 Crossbows
 + Level 3.3 Throwing
 + Level 3.3 Armour
 + Level 5.7 Dodging
 + Level 6.9 Stealth
 + Level 3.3 Shields
 + Level 3.3 Unarmed Combat
 + Level 6.1 Spellcasting
 + Level 2.7 Conjurations
 + Level 6.1 Hexes
 + Level 2.7 Charms
 + Level 2.7 Summonings
 + Level 2.7 Necromancy
 + Level 2.7 Translocations
 + Level 2.7 Transmutations
 + Level 2.7 Fire Magic
 + Level 2.7 Ice Magic
 + Level 2.7 Air Magic
 + Level 2.7 Earth Magic
 + Level 2.7 Poison Magic
 + Level 3.7 Invocations
 + Level 3.3 Evocations


You had 14 spell levels left.
You knew the following spells:

 Your Spells              Type           Power        Failure   Level  Hunger
b - Ensorcelled Hibernat  Hex/Ice        ####..       1%          2    None
c - Confuse               Hex            #####...     1%          3    #......


Dungeon Overview and Level Annotations

Branches:
Dungeon (6/15)
 Temple: D:4-7

Altars:
Fedhas
Qazlal
Yredelemnul


Innate Abilities, Weirdness & Mutations

Your experience applies equally to all skills.
You have very sharp teeth.
Your uncanny sense of smell can sniff out nearby items.


Message History

The two-headed ogre easily resists.
The two-headed ogre misses you.
The two-headed ogre hits you with a giant club!!
Casting: Ensorcelled Hibernation
Confirm with . or Enter, or press ? or * to list all spells.
Aiming: Ensorcelled Hibernation
Press: ? - help, Shift-Dir - straight line, f/p - two-headed ogre
Aim: a two-headed ogre, wielding two giant clubs (chance to defeat MR: 39%)
The two-headed ogre easily resists.
The two-headed ogre hits you with a giant club! x2
* * * LOW HITPOINT WARNING * * *
Casting: Ensorcelled Hibernation
Confirm with . or Enter, or press ? or * to list all spells.
Aiming: Ensorcelled Hibernation
Press: ? - help, Shift-Dir - straight line, f/p - two-headed ogre
Aim: a two-headed ogre, wielding two giant clubs (chance to defeat MR: 39%)
The two-headed ogre easily resists.
The two-headed ogre hits you with a giant club!
* * * LOW HITPOINT WARNING * * *
The two-headed ogre hits you with a giant club!
You die...

#.# #.# #)##.# #.#
#.# #.##.##### #.#
#.####.#.......
#.# #.........#
#.# ########..#
#.# #..# #.#
#..####### #.#
#O........ #.#
#@######## #.# #.#
#.#############.##
#............##..#
############.###.#
#.# #.# #.# #.#
#.# #.# #.# #.#


You could see a two-headed ogre.

Vanquished Creatures
  Sigmund (D:6)
  A wyvern (D:4)
  Edmund (D:4)
  A phantom (D:5)
  2 bullfrogs
  A scorpion (D:5)
  2 orc priests (D:6)
  2 iguanas
  A centaur skeleton (D:4)
  A hound (D:6)
  6 orc wizards
  5 worker ants
  2 hound skeletons
  5 adders
  A shadow imp (D:6)
  An ooze (D:3)
  An adder zombie (D:5)
  3 adder skeletons
  A worm (D:3)
  2 dart slugs (D:2)
  2 leopard geckos
  15 orcs
  3 bats
  5 giant cockroaches
  7 hobgoblins
  8 jackals
  3 quokkas
  8 frilled lizards
  7 goblins
  A jackal skeleton (D:4)
  3 kobolds
  2 quokka skeletons
  3 rats
107 creatures vanquished.

Notes
Turn   | Place    | Note
-------+----------+-------------------------------------------
     0 | D:1      | wilfster70 the Gnoll Enchanter began the quest for the Orb.
     0 | D:1      | Reached XP level 1. HP: 13/13 MP: 6/6
   636 | D:1      | Reached XP level 2. HP: 19/19 MP: 7/7
   640 | D:1      | Learned a level 2 spell: Ensorcelled Hibernation
  1529 | D:2      | Reached XP level 3. HP: 20/25 MP: 9/9
  1534 | D:2      | Learned a level 3 spell: Confuse
  1602 | D:2      | Reached skill level 5 in Spellcasting
  2299 | D:3      | Reached skill level 1 in Invocations
  2446 | D:3      | Reached skill level 1 in Fighting
  2446 | D:3      | Reached skill level 1 in Long Blades
  2446 | D:3      | Reached skill level 1 in Axes
  2446 | D:3      | Reached skill level 1 in Maces & Flails
  2446 | D:3      | Reached skill level 1 in Polearms
  2446 | D:3      | Reached skill level 1 in Staves
  2446 | D:3      | Reached skill level 1 in Slings
  2446 | D:3      | Reached skill level 1 in Bows
  2446 | D:3      | Reached skill level 1 in Crossbows
  2446 | D:3      | Reached skill level 1 in Throwing
  2446 | D:3      | Reached skill level 1 in Armour
  2446 | D:3      | Reached skill level 1 in Shields
  2446 | D:3      | Reached skill level 1 in Unarmed Combat
  2446 | D:3      | Reached skill level 1 in Evocations
  2446 | D:3      | Reached XP level 4. HP: 32/32 MP: 4/11
  2568 | D:3      | Found a basalt altar of Yredelemnul.
  2992 | D:4      | Reached skill level 1 in Conjurations
  2992 | D:4      | Reached skill level 1 in Charms
  2992 | D:4      | Reached skill level 1 in Summonings
  2992 | D:4      | Reached skill level 1 in Necromancy
  2992 | D:4      | Reached skill level 1 in Translocations
  2992 | D:4      | Reached skill level 1 in Transmutations
  2992 | D:4      | Reached skill level 1 in Fire Magic
  2992 | D:4      | Reached skill level 1 in Ice Magic
  2992 | D:4      | Reached skill level 1 in Air Magic
  2992 | D:4      | Reached skill level 1 in Earth Magic
  2992 | D:4      | Reached skill level 1 in Poison Magic
  3005 | D:4      | Noticed a wyvern
  3023 | D:4      | Killed a wyvern
  3023 | D:4      | Reached XP level 5. HP: 28/38 MP: 6/12
  3023 | D:4      | Reached XP level 6. HP: 33/44 MP: 6/13
  3110 | D:4      | Noticed Edmund
  3119 | D:4      | Killed Edmund
  3119 | D:4      | Reached skill level 5 in Dodging
  3194 | D:4      | Found a blossoming altar of Fedhas.
  3751 | D:4      | Found a stormy altar of Qazlal.
  3875 | D:4      | Reached XP level 7. HP: 50/50 MP: 10/15
  4097 | D:5      | Entered Level 5 of the Dungeon
  4754 | D:5      | Reached XP level 8. HP: 54/57 MP: 5/16
  5564 | D:6      | Noticed Sigmund
  5585 | D:6      | Killed Sigmund
  5664 | D:6      | Noticed a two-headed ogre
  5677 | D:6      | HP: 1/58 [two-headed ogre/giant club (15)]
  5677 | D:6      | Mangled by a two-headed ogre

Skill      XL: |  1  2  3  4  5  6  7  8 |
---------------+-------------------------+-----
Spellcasting   | 5 6 |  6.1
Stealth        | 6 |  6.9
Invocations    | 1 2 3 |  3.7
Fighting       | 1 2 3 |  3.3
Long Blades    | 1 2 3 |  3.3
Axes           | 1 2 3 |  3.3
Maces & Flails | 1 2 3 |  3.3
Polearms       | 1 2 3 |  3.3
Staves         | 1 2 3 |  3.3
Slings         | 1 2 3 |  3.3
Bows           | 1 2 3 |  3.3
Crossbows      | 1 2 3 |  3.3
Throwing       | 1 2 3 |  3.3
Armour         | 1 2 3 |  3.3
Shields        | 1 2 3 |  3.3
Unarmed Combat | 1 2 3 |  3.3
Evocations     | 1 2 3 |  3.3
Conjurations   | 1 2 |  2.7
Charms         | 1 2 |  2.7
Summonings     | 1 2 |  2.7
Necromancy     | 1 2 |  2.7
Translocations | 1 2 |  2.7
Transmutations | 1 2 |  2.7
Fire Magic     | 1 2 |  2.7
Ice Magic      | 1 2 |  2.7
Air Magic      | 1 2 |  2.7
Earth Magic    | 1 2 |  2.7
Poison Magic   | 1 2 |  2.7
Short Blades   | 3 4 |  4.3
Dodging        | 5 |  5.7
Hexes          | 6 |  6.1

Action                   |  1- 3 |  4- 6 |  7- 9 || total
-------------------------+-------+-------+-------++-------
Melee: Dagger            |    98 |    95 |   118 ||   311
       Bite              |     4 |     7 |    11 ||    22
       Punch             |       |     2 |     1 ||     3
 Cast: Ensorcelled Hiber |     7 |    13 |    47 ||    67
       Confuse           |       |     1 |     3 ||     4
  Use: Scroll            |       |       |    11 ||    11
 Stab: Sleeping          |    15 |    15 |    32 ||    62
       Distracted        |     1 |     2 |       ||     3
       Confused          |       |       |     1 ||     1
  Eat: Chunk             |     5 |     4 |     6 ||    15
Armor: Robe              |     9 |     9 |     6 ||    24
Dodge: Dodged            |    50 |    61 |    69 ||   180
